 Dungeon Crawl Stone Soup version 0.19.0-9-gfd783f2 (webtiles) character file.

95 Millan the Shield-Bearer (level 4, -1/29 HPs)
             Began as a Gargoyle Fighter on Nov 7, 2016.
             Was an Initiate of Ashenzari.
             Killed from afar by Natasha (6 damage)
             ... with a magic dart
             ... on level 2 of the Dungeon.
             The game lasted 00:08:03 (1514 turns).

Millan the Shield-Bearer (Gargoyle Fighter)         Turns: 1514, Time: 00:08:03

Health: -1/29      AC: 12    Str: 27    XL:     4   Next: 66%
Magic:  4/4        EV:  8    Int:  9    God:    Ashenzari [......]
Gold:   90         SH: 14    Dex:  9    Spells: 0 memorised, 3 levels left

rFire  . . .     SeeInvis .     a - +0 flail
rCold  . . .     Gourm    .     t - +0 scale mail
rNeg   + . .     Faith    .     c - +0 shield
rPois  ∞         Spirit   .     (no helmet)
rElec  +         Reflect  +     b - +0 cloak (curse)
rCorr  .         Harm     .     (no gloves)
MR     .....                    j - +0 pair of boots
Stlth  ..........               p - +4 amulet of reflection (curse)
                                (no ring)
                                l - +2 ring of strength

@: mighty, very slightly contaminated, invisible
A: negative energy resistance 1, electricity resistance, unbreathing,
petrification resistance, rot immunity, AC +3
a: Curse Item, Renounce Religion


You were on level 2 of the Dungeon.
You worshipped Ashenzari.
Ashenzari was noncommittal.
You were not hungry.

You visited 1 branch of the dungeon, and saw 2 of its levels.

You collected 90 gold pieces.

Inventory:

Hand Weapons
 a - a +0 flail (weapon)
Armour
 b - a cursed +0 cloak (worn)
 c - a +0 shield (worn)
 j - a +0 pair of boots (worn)
 t - a +0 scale mail (worn)
Jewellery
 l - a +2 ring of strength (left hand)
 p - a cursed +4 amulet of reflection (around neck)
Scrolls
 e - 3 scrolls of magic mapping {unknown}
 m - 2 scrolls of identify {unknown}
 n - 2 scrolls of enchant weapon {unknown}
 s - a scroll of recharging {unknown}
 u - a scroll of teleportation {unknown}
Potions
 d - a potion of might
 g - a potion of resistance {unknown}
 i - 2 potions of invisibility
 k - a potion of agility {unknown}
 o - a potion of haste {unknown}
 q - 3 potions of lignification {unknown}
Comestibles
 f - 2 bread rations
 h - a meat ration
 r - 3 chunks of flesh


   Skills:
 + Level 3.8 Fighting
 + Level 3.0 Maces & Flails
 + Level 3.8 Armour
 - Level 0.2 Dodging
 + Level 4.1 Shields


You had 3 spell levels left.
You didn't know any spells.

Dungeon Overview and Level Annotations

Branches:
Dungeon (2/15)

Altars:
Ashenzari

Annotations:
D:2 Natasha


Innate Abilities, Weirdness & Mutations

You are resistant to torment.
Your stone body is resilient. (AC +3)
You are immune to poison.
You resist negative energy. (rN+)
You are resistant to electric shocks. (rElec)
You can survive without breathing.
You are immune to petrification.
You are immune to rotting.


Message History

You block Natasha's attack.
You barely miss Natasha.
Natasha is moderately wounded.
You block Natasha's attack.
You closely miss Natasha.
Natasha is moderately wounded.
You block Natasha's attack.
Your shield prevents you from hitting Natasha.
Natasha is moderately wounded.
Natasha casts a spell.
Natasha closely misses you.
Okay, then.
It was a potion of invisibility.
You fade into invisibility!
You block Natasha's attack.
You are very lightly contaminated with residual magic.
Okay, then.
Natasha casts a spell at you. The magic dart hits you!
You die...

###.### #.#
##..##.############
....# #.#
#..##............#
##..# #.#
#..#############.#
....#####.# #..#
#.# ..........#
#..# #.#
##.####.### #..##
#.# #.#
#.######...# #.###
#.####...)....#.#
#...#
##.........#####@#
###.# ##########.#
#.# #.# # #.# #h#
#.# # #.# #5#
####.# #
#.#####.#######
#..... #
#.............#
#..... #
#.#####.#####.#
#..... ##.# #.#
#..[.. #..# #.#
#.....


You could see Natasha and a shadow imp.

Vanquished Creatures
  Natasha (D:2)
  2 adders (D:2)
  2 oozes (D:1)
  A leopard gecko (D:2)
  A ball python (D:1)
  6 bats
  2 giant cockroaches
  6 goblins
  7 hobgoblins
  2 quokkas (D:2)
  3 frilled lizards
  2 kobolds (D:1)
  8 rats
43 creatures vanquished.

Notes
Turn   | Place    | Note
-------+----------+-------------------------------------------
     0 | D:1      | Millan the Gargoyle Fighter began the quest for the Orb.
     0 | D:1      | Reached XP level 1. HP: 14/14 MP: 1/1
   197 | D:1      | Reached XP level 2. HP: 19/19 MP: 2/2
   472 | D:1      | Found a shattered altar of Ashenzari.
   608 | D:1      | Reached XP level 3. HP: 23/23 MP: 3/3
   865 | D:1      | Became a worshipper of Ashenzari the Shackled
  1221 | D:2      | Reached skill level 4 in Shields
  1221 | D:2      | Reached XP level 4. HP: 28/29 MP: 4/4
  1453 | D:2      | Noticed Natasha
  1468 | D:2      | Killed Natasha
  1492 | D:2      | Noticed Natasha
  1514 | D:2      | Killed from afar by Natasha

Skill      XL: |  1  2  3  4 |
---------------+-------------+-----
Shields        | 4 |  4.1
Maces & Flails | 3 |  3.0
Fighting       | |  3.8
Armour         | |  3.8
Dodging        | |  0.2

Action                   |  1- 3 |  4- 6 || total
-------------------------+-------+-------++-------
Melee: Flail             |   127 |    44 ||   171
Invok: Curse Item        |     1 |       ||     1
  Use: Potion            |       |     2 ||     2
  Eat: Chunk             |     1 |     1 ||     2
Armor: Scale mail        |    62 |    16 ||    78
Dodge: Dodged            |    46 |     7 ||    53
Block: Shield            |   111 |    31 ||   142
